 Dungeon Crawl Stone Soup version 0.27-a0-1595-g0b823d0a13 (webtiles) character file.

Game seed: 6672177666576485629

945 robertstho the Magician (level 8, 0/40 HPs)
             Began as a Vine Stalker Ice Elementalist on July 20, 2021.
             Slain by a yak (3 damage)
             ... on level 4 of the Dungeon.
             The game lasted 00:10:34 (4316 turns).

robertstho the Magician (VSIE)                      Turns: 4316, Time: 00:10:36

Health: 0/40       AC:  5    Str: 17    XL:     8   Next: 13%
Magic:  0/18       EV: 12    Int: 23    God:
Gold:   33         SH:  0    Dex: 15    Spells: 12/19 levels left

rFire    + . .     SeeInvis .   j - +5 short sword
rCold    x . .     Faith    .   (no shield)
rNeg     . . .     Spirit   +   r - +0 robe "Zielarr" {rC- Regen+ Int+6}
rPois    .         Reflect  .   s - +2 helmet
rElec    .         Harm     .   (no cloak)
rCorr    .         Rampage  .   (no gloves)
Will     +....                  (no boots)
Stlth    +++.......             k - amulet of magic regeneration
HPRegen  2.13/turn              g - ring of protection from fire
MPRegen  0.41/turn              h - +6 ring of strength

@: freezing walls
A: fangs 3, regeneration 1, magic shield, antimagic bite, no potion heal 2
a: no special abilities


You were on level 4 of the Dungeon.
You visited 1 branch of the dungeon, and saw 4 of its levels.

You collected 126 gold pieces.
You spent 93 gold pieces at shops.

Inventory:

Hand Weapons
 b - a +1 short sword of holy wrath
 j - a +5 short sword (weapon)
Missiles
 o - a throwing net
Armour
 a - a +0 robe
 r - the +0 robe "Zielarr" (worn) {rC- Regen+ Int+6}
   (You found it on level 4 of the Dungeon)

   Int:       It affects your intelligence (+6).
   rC:        It makes you vulnerable to cold.
   Regen:     It increases your rate of health regeneration.
 s - a +2 helmet (worn)
Jewellery
 g - a ring of protection from fire (left hand)
 h - a +6 ring of strength (right hand)
 k - an amulet of magic regeneration (around neck)
Wands
 f - a wand of paralysis (13)
Scrolls
 d - a scroll of enchant armour
 l - 2 scrolls of fog
 m - 2 scrolls of teleportation
Potions
 c - a potion of curing {unknown}
 e - a potion of flight
 i - 2 potions of ambrosia {unknown}
 n - a potion of heal wounds {unknown}
 p - a potion of magic {unknown}


   Skills:
 * Level 3.2 Fighting
 + Level 1.2 Short Blades
 + Level 2.4 Dodging
 + Level 4.0 Stealth
 + Level 0.4 Unarmed Combat
 * Level 6.3 Spellcasting
 + Level 5.6 Ice Magic


You had 12 spell levels left.
You knew the following spells:

 Your Spells              Type           Power      Damage    Failure   Level
a - Freeze                Ice            100%       1d11      1%          1
b - Frozen Ramparts       Ice            66%        1d8       2%          3
c - Ozocubu's Armour      Ice            33%        N/A       2%          3

Your spell library contained the following spells:

 Spells                   Type           Power      Damage    Failure   Level
 Foxfire                  Conj/Fire      28%        2x1d5     9%          1
 Conjure Flame            Conj/Fire      7%         6-21      26%         3
 Inner Flame              Hex/Fire       7%         N/A       26%         3
 Hailstorm                Conj/Ice       20%        3d6       26%         4


Dungeon Overview and Level Annotations

Branches:
Dungeon (4/15)
 Temple: D:4-7

Altars:

Shops:
D:3 ?[

Annotations:
D:4 Sigmund


Innate Abilities, Weirdness & Mutations

You have razor-sharp teeth.
Your natural rate of healing is unusually fast.
When hurt, damage is shared between your health and your magic reserves.
Your bite disrupts and absorbs the magic of your enemies.
Potions cannot restore your health.


Message History

The yak is heavily wounded.
The wall freezes the yak. x2; The yak barely misses you.
The wall freezes the yak!
The yak gores you!
You puncture the yak! You bite the yak, but do no damage.
The yak is severely wounded.
The wall freezes the yak.
The wall freezes the yak! x2
You kill the yak!
The wall freezes the yak.
Your Short Blades skill increases to level 1!
You hit the yak. You bite the yak, but do no damage.
The yak is almost dead.
The wall freezes the yak. x2; The wall freezes the yak!
You kill the yak!
The wall freezes the yak!
The yak gores you!
Your Fighting skill increases to level 3!
Your Spellcasting skill increases to level 6!
You hit the yak.
You kill the yak!
The wall freezes the yak.
The wall freezes something.
Something hits you but does no damage.
The wall freezes the yak.
The yak gores you.
Your Stealth skill increases to level 4!
You have reached level 8!
You feel agile.
Your teeth grow very long and razor-sharp.
You hit the yak.
The yak is moderately wounded.
The wall freezes something.
Something hits you.
The wall freezes the yak!
The yak gores you!
* * * LOW HITPOINT WARNING * * *
Unknown command.
Okay, then.
As you read the scroll of fear, it crumbles to dust.
You assume a fearsome visage.
The yak looks frightened!
The wall freezes something.
Something hits you.
* * * LOW HITPOINT WARNING * * *
The wall freezes the yak.
Your attack snaps the yak out of its fear.
The yak gores you.
You die...

.. .# .## ##.# ####
...##..# ...... ......#
......# #....###......#
##............#
###†.........>...
#.Y@...............#
......##...............#
....# ##..............#
... #..............# .
#....####.......
#....######...#
#..#.........#
###.....#.####
#.#...##.##


You could see a yak.

Vanquished Creatures
  4 yaks (D:4)
  Purgy (D:3)
  A scorpion (D:3)
  An orc priest (D:3)
  Robin (D:3)
  3 gnolls
  A howler monkey skeleton (D:3)
  5 adders
  A worm (D:3)
  A dart slug (D:1)
  7 orcs
  2 endoplasms
  4 giant cockroaches
  11 goblins
  6 hobgoblins
  2 jackals (D:3)
  A quokka (D:2)
  A ball python (D:1)
  5 bats
  A frilled lizard (D:2)
  8 kobolds
  3 rats
70 creatures vanquished.

Notes
Turn   | Place    | Note
-------+----------+-------------------------------------------
     0 | D:1      | robertstho the Vine Stalker Ice Elementalist began the
                  | quest for the Orb.
     0 | D:1      | Reached XP level 1. HP: 9/9 MP: 4/4
   350 | D:1      | Found a faded altar of an unknown god.
   413 | D:1      | Reached XP level 2. HP: 9/14 MP: 6/6
   957 | D:1      | Reached skill level 1 in Fighting
  2050 | D:2      | Reached XP level 3. HP: 17/18 MP: 6/8
  2310 | D:2      | Learned a level 3 spell: Frozen Ramparts
  2318 | D:2      | Reached skill level 3 in Spellcasting
  2318 | D:2      | Gained mutation: Your natural rate of healing is unusually
                  | fast. [Vine Stalker growth]
  2318 | D:2      | Reached XP level 4. HP: 13/22 MP: 0/9
  2445 | D:3      | Learned a level 3 spell: Ozocubu's Armour
  2577 | D:3      | Noticed Robin
  2585 | D:3      | Killed Robin
  2699 | D:3      | Found Duec's Magic Scroll Boutique.
  2704 | D:3      | Found Faimemof's Antique Armour Emporium.
  3108 | D:3      | Noticed Purgy
  3258 | D:2      | Reached XP level 5. HP: 25/26 MP: 6/11
  3542 | D:3      | Killed Purgy
  3750 | D:3      | Reached skill level 4 in Spellcasting
  3802 | D:3      | Reached XP level 6. HP: 30/30 MP: 7/13
  4079 | D:3      | Bought a scroll of teleportation for 33 gold pieces
  4079 | D:3      | Bought a scroll of fear for 38 gold pieces
  4079 | D:3      | Bought a scroll of fog for 22 gold pieces
  4186 | D:4      | Identified the +0 robe "Zielarr" {rC- Regen+ Int+6}
  4300 | D:4      | Noticed a yak
  4300 | D:4      | Noticed a yak
  4301 | D:4      | Noticed a yak
  4301 | D:4      | Noticed a yak
  4301 | D:4      | Noticed a yak
  4304 | D:4      | Noticed Sigmund
  4307 | D:4      | Killed a yak
  4308 | D:4      | Reached skill level 5 in Spellcasting
  4308 | D:4      | Reached skill level 5 in Ice Magic
  4308 | D:4      | Reached XP level 7. HP: 26/35 MP: 4/15
  4312 | D:4      | Killed a yak
  4313 | D:4      | Reached skill level 1 in Short Blades
  4313 | D:4      | Killed a yak
  4314 | D:4      | Reached skill level 6 in Spellcasting
  4314 | D:4      | Killed a yak
  4315 | D:4      | Gained mutation: You have razor-sharp teeth. [Vine Stalker
                  | growth]
  4315 | D:4      | Reached XP level 8. HP: 17/40 MP: 0/18
  4316 | D:4      | Slain by a yak

Illustrated notes

Levels and vault maps discovered:
D:1:      saegor_arrival_simple_e, layout_basic,
          dreamdust_ecumenical_altar_grove, bh_walls_and_bars
D:2:      layout_loops_ring, minmay_misc_feat_rows,
          minmay_misc_feat_secret_circle
D:3:      layout_loops_corners, serial_shops, shop, shop, uniq_robin, uniq_purgy
D:4:      minmay_opposing_rooms, layout_layer_cave, serial_bayou_pond_c,
          uniq_sigmund

Skill      XL: |  1  2  3  4  5  6  7 |
---------------+----------------------+-----
Fighting       | 1 2 3 |  3.2
Spellcasting   | 3 4 5 6 |  6.3
Dodging        | 2 |  2.4
Stealth        | 3 4 |  4.0
Ice Magic      | 5 |  5.6
Short Blades   | 1 |  1.2
Unarmed Combat | |  0.4

Action                   |  1- 3 |  4- 6 |  7- 9 || total
-------------------------+-------+-------+-------++-------
Melee: Unarmed           |    44 |       |       ||    44
       Bite              |    13 |    14 |     2 ||    29
       Short sword       |     4 |    43 |     5 ||    52
 Cast: Freeze            |    28 |    19 |     2 ||    49
       Frozen Ramparts   |     2 |    13 |     1 ||    16
       Ozocubu's Armour  |       |     1 |       ||     1
  Use: Scroll            |       |     3 |     1 ||     4
       Potion            |       |     5 |       ||     5
 Stab: Sleeping          |     4 |     4 |       ||     8
       Invisible         |       |     1 |       ||     1
Armor: Robe              |    19 |    32 |     1 ||    52
Dodge: Dodged            |    45 |    56 |     1 ||   102

Table legend: (Time is in decaauts)
 A = Elapsed time spent in this place.
 B = Non-inter-level travel time spent in this place.
 C = Inter-level travel time spent in this place.
 D = Time resting spent in this place.
 E = Time spent auto-exploring this place.
 F = Levels seen in this place.
 G = Mean time per level.
                   A        B        C        D        E       F      G
               +--------+--------+--------+--------+--------+-----+--------+
         Total |   4320 |   4184 |    136 |    396 |   3233 |   4 | 1080.0 |
       Dungeon |   4320 |   4184 |    136 |    396 |   3233 |   4 | 1080.0 |
               +--------+--------+--------+--------+--------+-----+--------+

Top non-repeatable levels by time:
     D:1: 1807 daAuts
     D:3: 1403 daAuts
     D:2: 915 daAuts
     D:4: 192 daAuts
